 Dungeon Crawl Stone Soup version 0.26.1-10-gdfb7c7de75 (webtiles) character file.

Game seed: 11605523992202085826

119 tardwrangler69 the Skirmisher (level 5, -4/55 HPs)
             Began as an Octopode Fighter on Apr 7, 2021.
             Slain by an orc wizard
             ... wielding a +0 dagger
              (5 damage)
             ... on level 3 of the Dungeon.
             The game lasted 00:01:56 (2711 turns).

tardwrangler69 the Skirmisher (Octopode Fighter)    Turns: 2711, Time: 00:01:57

Health: -4/55      AC:  1    Str: 17    XL:     5   Next: 3%
Magic:  5/5        EV: 12    Int: 10    God:
Gold:   205        SH:  8    Dex: 11    Spells: 4/4 levels left

rFire    + . .     SeeInvis .   a - +0 trident
rCold    + . .     Faith    .   b - +0 kite shield
rNeg     . . .     Spirit   .   (helmet restricted)
rPois    +         Reflect  .   (no amulet)
rElec    +         Harm     .   (no ring)
rCorr    +         Rampage  .   (no ring)
Will     .....                  (no ring)
Stlth    ..........             (no ring)
HPRegen  0.18/turn              (no ring)
MPRegen  0.09/turn              (no ring)
                                (no ring)
                                (no ring)

@: berserking, resistant, very quick
A: almost no armour, stealthy swim, amphibious, 8 rings, constrict 8, camouflage
1, gelatinous body 1
a: no special abilities


You were on level 3 of the Dungeon.
You visited 1 branch of the dungeon, and saw 3 of its levels.

You collected 205 gold pieces.

Inventory:

Hand Weapons
 a - a +0 trident (weapon)
Armour
 b - a +0 kite shield (worn)
Jewellery
 k - an uncursed ring of protection from cold {unknown}
Wands
 h - a wand of iceblast (12)
 l - a wand of random effects (15)
Scrolls
 f - a scroll of remove curse {unknown}
 g - a scroll of enchant armour {unknown}
 m - a scroll of noise {unknown}
Potions
 c - 2 potions of might
 i - a potion of haste {unknown}
 j - a potion of attraction


   Skills:
 + Level 3.8 Fighting
 * Level 3.8 Polearms
 + Level 3.7 Dodging
 - Level 3.0 Shields


You had 4 spell levels left.
You didn't know any spells.
Your spell library was empty.

Dungeon Overview and Level Annotations

Branches:
Dungeon (3/15)

Altars:


Innate Abilities, Weirdness & Mutations

You cannot wear most types of armour.
You are very stealthy in the water. (Stealth+)
You are amphibious.
You can wear up to eight rings at the same time.
You can use your tentacles to constrict eight enemies at once.
Your skin changes colour to match your surroundings (Stealth+).
Your rubbery body absorbs attacks. (AC +1, EV +1)


Message History

The magic dart hits you!
* * * LOW HITPOINT WARNING * * *
It was a potion of attraction.
You feel attractive to monsters. Something hits you.
* * * LOW HITPOINT WARNING * * *
It was a potion of cancellation.
Your magical effects are unravelling.
You feel magically purged. Something hits you.
* * * LOW HITPOINT WARNING * * *
You feel less attractive to monsters.
It was a potion of resistance.
You feel protected. Something barely misses you.
It was a potion of berserk rage.
A red film seems to cover your vision as you go berserk!
You feel yourself moving faster!
You feel mighty! Something hits you.
* * * LOW HITPOINT WARNING * * *
You hit something. Something hits you.
You die...

.# #..#.# #.# .#
#..#.# #.# ##.#.#
#.# #...# #.# #...#
##..###############
#.>...............
#.################
#@# #{# #o# =..
..... ......#
.......# ........#
.###+#.###


You could see an orc.

Vanquished Creatures
  2 gnolls
  3 adders
  5 dart slugs
  A leopard gecko (D:1)
  3 orcs (D:3)
  7 bats
  2 giant cockroaches
  4 goblins
  7 hobgoblins
  6 jackals
  4 kobolds
  A quokka (D:3)
  4 ball pythons
  5 frilled lizards
  6 rats
60 creatures vanquished.

Notes
Turn   | Place    | Note
-------+----------+-------------------------------------------
     0 | D:1      | tardwrangler69 the Octopode Fighter began the quest for the
                  | Orb.
     0 | D:1      | Reached XP level 1. HP: 16/16 MP: 1/1
   196 | D:1      | Reached XP level 2. HP: 17/21 MP: 2/2
   641 | D:1      | Reached XP level 3. HP: 26/26 MP: 3/3
  1393 | D:2      | Reached XP level 4. HP: 31/31 MP: 4/4
  2702 | D:3      | Reached XP level 5. HP: 14/37 MP: 5/5
  2708 | D:3      | HP: 1/37 [something (1)]
  2711 | D:3      | Slain by an orc wizard

Illustrated notes

Levels and vault maps discovered:
D:1:      dpeg_arrival_central, layout_basic
D:2:      layout_rooms, serial_glass, glass_columns_a, glass_columns_c,
          item_on_display_a
D:3:      layout_basic

Skill      XL: |  1  2  3 |
---------------+----------+-----
Polearms       | 3 |  3.8
Fighting       | |  3.8
Dodging        | |  3.7
Shields        | |  3.0

Action                   |  1- 3 |  4- 6 || total
-------------------------+-------+-------++-------
Melee: Trident           |    79 |    78 ||   157
       Constrict         |    24 |    15 ||    39
       Tentacles         |    12 |     5 ||    17
  Use: Potion            |       |     4 ||     4
 Stab: Sleeping          |     6 |     4 ||    10
       Distracted        |     1 |       ||     1
Armor: Skin              |     5 |     2 ||     7
Dodge: Dodged            |    31 |    17 ||    48
Block: Kite shield       |    26 |    21 ||    47
